Crunch vs Marlies

Created - Monday, March 07, 2016 at 02:40

Goals
1 2 3 OT1 SO T
Crunch 1 0 0 0 1 2
Marlies 0 1 0 0 0 1
Shots
1 2 3 OT1 SO T
Crunch 8 9 7 6 8 30
Marlies 14 4 8 0 8 26

1st period

1. Crunch , Matt Cooke 17 (Jordin Tootoo, Sam Carrick) at 8:52

Penalties :
Dustin Jeffrey (SYR) for Interference (Minor) at 4:41, Dustin Jeffrey (SYR) for Unsportsmanlike conduct (Minor) at 12:19, Colton Gillies (TOR) for Interference (Minor) at 17:41

2nd period

2. Marlies , Frank Corrado 6 (Andy Miele, Andrew Yogan) at 10:41

Penalties :
Andrew Yogan (TOR) for Tripping (Minor) at 2:42, Jarred Tinordi (TOR) for Fighting (Major) at 11:37, Nolan Yonkman (SYR) for Fighting (Major) at 11:37, Kevin Marshall (SYR) for Tripping (Minor) at 13:02, Travis Moen (SYR) for Hooking (Minor) at 18:40

3rd period

No Goal

Penalties :
Daniel Cleary (SYR) for Elbowing (Minor) at 0:58, Austen Brassard (TOR) for Roughing (Minor) at 3:36, Rich Clune (TOR) for Fighting (Major) at 6:48, Nolan Yonkman (SYR) for Fighting (Major) at 6:48, Nolan Yonkman (SYR) for instigated a fight (Minor) at 6:48, Nolan Yonkman (SYR) for instigated a fight (10 Minutes Misconduct) at 6:48

Overtime #1

No Goal

Penalties :
No Penalty

Shootout

Penalty Shot by Casey Wellman for Crunch - Stopped by Dustin Tokarski
Penalty Shot by Josh Jooris for Marlies - Shot Misses the Net
Penalty Shot by Dustin Jeffrey for Crunch - Stopped by Dustin Tokarski
Penalty Shot by Jordan Nolan for Marlies - Stopped by Aaron Dell
Penalty Shot by Corban Knight for Crunch - Shot Misses the Net
Penalty Shot by Stefan Noesen for Marlies - Stopped by Aaron Dell
Penalty Shot by Stanislav Galiev for Crunch - Stopped by Dustin Tokarski
Penalty Shot by Rich Clune for Marlies - Stopped by Aaron Dell
Penalty Shot by Daniel Carr for Crunch - Stopped by Dustin Tokarski
Penalty Shot by Colton Gillies for Marlies - Stopped by Aaron Dell
Penalty Shot by Travis Oleksuk for Crunch - Shot Misses the Net
Penalty Shot by Andrew Yogan for Marlies - Stopped by Aaron Dell
Penalty Shot by Nick Jensen for Crunch - Stopped by Dustin Tokarski
Penalty Shot by Jonathon Blum for Marlies - Shot Misses the Net
Penalty Shot by Markus Lauridsen for Crunch - Goal!
Penalty Shot by Gemel Smith for Marlies - Stopped by Aaron Dell

Penalties :
No Penalty

Goalie Stats

Aaron Dell (SYR), 25 saves from 26 shots - (0.962), W, 32-1-3, 65:00 minutes
Dustin Tokarski (TOR), 29 saves from 30 shots - (0.967), OTL, 12-10-3, 65:00 minutes

Players Stats for Crunch

Player Name              G  A  P  +/- PIM S  H  SB GA TA FO     MP     PP MP  PK MP  
------------------------------------------------------------------------------------
Casey Wellman            0  0  0   0  0   1  2  0  0  0  9/17   15:49   3:18   0:00 
Corban Knight            0  0  0   0  0   0  0  0  0  0  3/8    13:59   0:08   2:01 
Daniel Carr              0  0  0  -1  0   0  0  0  3  0  0/0    10:35   0:00   0:00 
Daniel Cleary            0  0  0   0  2   1  2  1  8  0  0/1    17:12   0:00   5:36 
Dustin Jeffrey           0  0  0   0  4   0  0  1  0  1  3/5    15:13   0:00   4:31 
Jordin Tootoo            0  1  1   1  0   3  2  0  2  0  0/1    17:00   2:39   1:13 
Karl Stollery            0  0  0   0  0   3  3  1  0  2  0/0    25:13   3:14   5:37 
Kevin Marshall           0  0  0   1  2   0  3  1  0  0  0/0    16:10   0:00   0:00 
Markus Lauridsen         0  0  0   1  0   0  2  0  1  0  0/0    20:50   2:43   0:00 
Martin Havlat            0  0  0   0  0   8  0  0  5  0  0/0    15:27   3:18   0:00 
Matt Cooke               1  0  1   1  0   4  0  0  2  0  0/0    11:47   2:39   0:00 
Nick Jensen              0  0  0  -1  0   0  0  0  0  1  0/0    27:17   2:43   7:40 
Nolan Yonkman            0  0  0  -1  22  0  0  2  0  3  0/0    14:00   0:00   5:04 
Sam Carrick              0  1  1   1  0   1  5  0  0  0  5/12   21:02   2:31   5:45 
Scott Hannan             0  0  0   0  0   3  0  4  0  2  0/0    25:56   3:14   5:27 
Stanislav Galiev         0  0  0  -1  0   3  1  0  2  0  0/0    10:35   0:00   0:00 
Travis Moen              0  0  0   0  2   2  2  1  0  2  1/1    19:14   3:18   4:42 
Travis Oleksuk           0  0  0  -1  0   1  1  0  2  0  2/4    10:35   0:00   0:00 

Players Stats for Marlies

Player Name              G  A  P  +/- PIM S  H  SB GA TA FO     MP     PP MP  PK MP  
------------------------------------------------------------------------------------
Andrew O'Brien           0  0  0   0  0   0  0  1  0  1  0/0     3:43   0:00   0:00 
Andrew Yogan             0  1  1   0  2   1  0  0  1  1  2/5    13:58   0:00   0:00 
Andy Miele               0  1  1   1  0   6  0  0  0  0  4/7    11:05   2:03   1:27 
Austen Brassard          0  0  0   0  2   0  2  0  2  0  0/0    16:54   0:15   0:31 
Chad Nehring             0  0  0   0  0   0  2  0  0  0  5/7    12:11   3:41   0:00 
Colton Gillies           0  0  0   0  2   1  2  0  2  1  0/0    17:14   1:02   0:00 
David Shields            0  0  0   0  0   0  1  0  0  3  0/0    16:14   1:11   0:00 
Frank Corrado            1  0  1   0  0   5  2  1  4  1  0/0    23:26   5:26   2:26 
Gemel Smith              0  0  0   0  0   1  0  0  0  0  1/4     7:34   0:26   0:00 
Jarred Tinordi           0  0  0   0  5   6  3  3  3  2  0/0    21:35   5:17   3:31 
Jonathon Blum            0  0  0   0  0   0  0  0  1  0  0/0    23:26   5:26   2:26 
Jordan Nolan             0  0  0  -1  0   0  1  0  0  1  0/2    23:48   5:22   3:36 
Josh Jooris              0  0  0  -1  0   1  0  1  1  0  13/22  24:26   5:22   3:38 
Rich Clune               0  0  0   1  5   3  4  0  0  0  0/1    20:03   5:01   1:08 
Ryan Carpenter           0  0  0   1  0   1  1  0  0  1  0/0    19:59   6:17   1:00 
Scott Harrington         0  0  0   0  0   1  1  1  4  3  0/0    27:45   6:28   3:31 
Stefan Noesen            0  0  0  -1  0   0  3  0  3  0  1/1    16:44   6:13   0:34 
Travis Ehrhardt          0  0  0   0  0   0  2  0  0  1  0/0    13:48   0:00   0:00 

3 Stars

1 - Dustin Tokarski (TOR)
2 - Aaron Dell (SYR)
3 - Sam Carrick (SYR)

Power Play

Crunch - 0 on 3 Attempt(s) - 0.00%
Marlies - 0 on 6 Attempt(s) - 0.00%

Penalty Kill

Crunch - 6 on 6 Attempt(s) - 100.00% - Score 0 goal in Penalty Kill
Marlies - 3 on 3 Attempt(s) - 100.00% - Score 0 goal in Penalty Kill

Team Stat

Crunch - Hits : 23 - Faceoff Wins : 23 - Blocked Shots : 11 - Penalty Minutes : 32
Marlies - Hits : 24 - Faceoff Wins : 26 - Blocked Shots : 7 - Penalty Minutes : 16

Official

Referees : Unknown
Linesman : Unknown

Game Notes

Andy Miele is injured at 11:32 of 2nd period (Right Leg)
Nolan Yonkman beats up Jarred Tinordi at 11:37 of 2nd period
Rich Clune and Nolan Yonkman fight to a draw at 6:48 of 3rd period

Finance

Level 1 -- Attendance: 1447 (72.35%) -- Ticket Income $72,350
Level 2 -- Attendance: 705 (70.50%) -- Ticket Income $10,575
Total Attendance: 2152 (71.73%)
Total Ticket Income: $82,925
Other Income: $40,633
Total Income: $123,558

Crunch

5 vs 5 Forward 
   Center                   Left Wing                Right Wing               Time % Phy DF OF 
 1 Sam Carrick              Jordin Tootoo            Matt Cooke               30     1   2  2  
 2 Casey Wellman            Martin Havlat            Travis Moen              30     1   2  2  
 3 Corban Knight            Dustin Jeffrey           Daniel Cleary            25     1   2  2  
 4 Travis Oleksuk           Daniel Carr              Stanislav Galiev         15     1   2  2  

5 vs 5 Defense 
   Defense                  Defense                                           Time % Phy DF OF 
 1 Karl Stollery            Scott Hannan                                      34     1   2  2  
 2 Nick Jensen              Nolan Yonkman                                     33     1   2  2  
 3 Kevin Marshall           Markus Lauridsen                                  33     1   2  2  
 4 Karl Stollery            Scott Hannan                                      0      1   2  2  

PowerPlay Forward 
   Center                   Left Wing                Right Wing               Time % Phy DF OF 
 1 Sam Carrick              Jordin Tootoo            Matt Cooke               50     1   1  3  
 2 Casey Wellman            Martin Havlat            Travis Moen              50     0   1  4  

PowerPlay Defense
   Defense                  Defense                                           Time % Phy DF OF 
 1 Karl Stollery            Scott Hannan                                      50     1   2  2  
 2 Nick Jensen              Markus Lauridsen                                  50     1   2  2  

Penalty Kill 4 Players Forward 
   Center                   Wing                     Time % Phy DF OF 
 1 Dustin Jeffrey           Daniel Cleary            50     1   4  0  
 2 Sam Carrick              Travis Moen              50     1   4  0  

Penalty Kill 4 Players Defense
   Defense                  Defense                  Time % Phy DF OF 
 1 Nick Jensen              Nolan Yonkman            50     1   4  0  
 2 Karl Stollery            Scott Hannan             50     1   4  0  

Penalty Kill - 3 Players Forward 
   Forward                                           Time % Phy DF OF 
 1 Dustin Jeffrey                                    50     1   4  0  
 2 Sam Carrick                                       50     1   4  0  

Penalty Kill - 3 Players Defense
   Defense                  Defense                  Time % Phy DF OF 
 1 Nick Jensen              Nolan Yonkman            50     1   4  0  
 2 Karl Stollery            Scott Hannan             50     1   4  0  

4 vs 4 Forward 
   Center                   Wing                     Time % Phy DF OF 
 1 Sam Carrick              Jordin Tootoo            50     1   1  3  
 2 Casey Wellman            Martin Havlat            50     0   1  4  

4 vs 4 Defense
   Defense                  Defense                  Time % Phy DF OF 
 1 Karl Stollery            Scott Hannan             50     1   2  2  
 2 Nick Jensen              Markus Lauridsen         50     1   2  2  

Last Minutes Offensive
   Center                   Left Wing                Right Wing               Defense                  Defense                  
   Sam Carrick              Jordin Tootoo            Martin Havlat            Karl Stollery            Scott Hannan             

Last Minutes Defensive
   Center                   Left Wing                Right Wing               Defense                  Defense                  
   Sam Carrick              Travis Moen              Daniel Cleary            Karl Stollery            Scott Hannan             

Goaltenders
Starting : Aaron Dell               
Backup : John Curry               

Extra Forwards
Normal : Jordin Tootoo, Martin Havlat, Daniel Cleary - PP : Jordin Tootoo, Martin Havlat - PK : Daniel Cleary
Extra Defensemen
Normal : Scott Hannan, Karl Stollery, Nick Jensen - PP : Karl Stollery - PK : Scott Hannan, Karl Stollery
Penalty Shots
Casey Wellman, Dustin Jeffrey, Corban Knight, Stanislav Galiev, Daniel Carr

Marlies

5 vs 5 Forward 
   Center                   Left Wing                Right Wing               Time % Phy DF OF 
 1 Josh Jooris              Jordan Nolan             Stefan Noesen            35     1   2  2  
 2 Andy Miele               Rich Clune               Ryan Carpenter           30     1   2  2  
 3 Andrew Yogan             Colton Gillies           Austen Brassard          22     1   2  2  
 4 Gemel Smith              Josh Jooris              Jordan Nolan             13     1   2  2  

5 vs 5 Defense 
   Defense                  Defense                                           Time % Phy DF OF 
 1 Scott Harrington         Jarred Tinordi                                    35     1   2  2  
 2 Frank Corrado            Jonathon Blum                                     30     1   2  2  
 3 David Shields            Travis Ehrhardt                                   22     1   2  2  
 4 Andrew O'Brien           Scott Harrington                                  13     1   2  2  

PowerPlay Forward 
   Center                   Left Wing                Right Wing               Time % Phy DF OF 
 1 Josh Jooris              Jordan Nolan             Stefan Noesen            60     1   2  2  
 2 Andy Miele               Rich Clune               Ryan Carpenter           40     1   2  2  

PowerPlay Defense
   Defense                  Defense                                           Time % Phy DF OF 
 1 Scott Harrington         Jarred Tinordi                                    60     1   2  2  
 2 Frank Corrado            Jonathon Blum                                     40     1   2  2  

Penalty Kill 4 Players Forward 
   Center                   Wing                     Time % Phy DF OF 
 1 Josh Jooris              Jordan Nolan             60     1   2  2  
 2 Andy Miele               Rich Clune               40     1   2  2  

Penalty Kill 4 Players Defense
   Defense                  Defense                  Time % Phy DF OF 
 1 Scott Harrington         Jarred Tinordi           60     1   2  2  
 2 Frank Corrado            Jonathon Blum            40     1   2  2  

Penalty Kill - 3 Players Forward 
   Forward                                           Time % Phy DF OF 
 1 Josh Jooris                                       60     1   2  2  
 2 Jordan Nolan                                      40     1   2  2  

Penalty Kill - 3 Players Defense
   Defense                  Defense                  Time % Phy DF OF 
 1 Scott Harrington         Jarred Tinordi           60     1   2  2  
 2 Frank Corrado            Jonathon Blum            40     1   2  2  

4 vs 4 Forward 
   Center                   Wing                     Time % Phy DF OF 
 1 Josh Jooris              Jordan Nolan             60     1   2  2  
 2 Andy Miele               Rich Clune               40     1   2  2  

4 vs 4 Defense
   Defense                  Defense                  Time % Phy DF OF 
 1 Scott Harrington         Jarred Tinordi           60     1   2  2  
 2 Frank Corrado            Jonathon Blum            40     1   2  2  

Last Minutes Offensive
   Center                   Left Wing                Right Wing               Defense                  Defense                  
   Josh Jooris              Jordan Nolan             Stefan Noesen            Scott Harrington         Jarred Tinordi           

Last Minutes Defensive
   Center                   Left Wing                Right Wing               Defense                  Defense                  
   Josh Jooris              Jordan Nolan             Stefan Noesen            Scott Harrington         Jarred Tinordi           

Goaltenders
Starting : Dustin Tokarski          
Backup : Rob Zepp                 

Extra Forwards
Normal : Chad Nehring, Colton Gillies, Austen Brassard - PP : Chad Nehring, Colton Gillies - PK : Austen Brassard
Extra Defensemen
Normal : David Shields, Travis Ehrhardt, Andrew O'Brien - PP : David Shields - PK : Travis Ehrhardt, Andrew O'Brien
Penalty Shots
Josh Jooris, Jordan Nolan, Andy Miele, Rich Clune, Colton Gillies

% Time on Ice - Crunch

Lines # - Real PCT - Wanted PCT - Time Play
Normal Forward
1 - 24% - 30% - 10:15
2 - 28% - 30% - 11:41
3 - 23% - 25% - 9:38
4 - 25% - 15% - 10:35
Normal Defense
1 - 25% - 34% - 10:39
2 - 44% - 33% - 18:36
3 - 28% - 33% - 11:53
4 - 2% - 0% - 1:01
PP Forward
1 - 45% - 50% - 2:39
2 - 55% - 50% - 3:18
PP Defense
1 - 54% - 50% - 3:14
2 - 46% - 50% - 2:43
PK Forward
1 - 52% - 50% - 6:09
2 - 48% - 50% - 5:45
PK Defense
1 - 65% - 50% - 7:47
2 - 35% - 50% - 4:07
PK3 Forward
1 - 0% - 50%
2 - 0% - 50%
PK3 Defense
1 - 0% - 50%
2 - 0% - 50%
44 Forward
1 - 48% - 50% - 2:25
2 - 52% - 50% - 2:35
44 Defense
1 - 53% - 50% - 2:38
2 - 47% - 50% - 2:22
Last Minute Offensive  - 0:00
Last Minute Defensive  - 0:00
Total
Forward - 65:00
Defense - 65:00

% Time on Ice - Marlies

Lines # - Real PCT - Wanted PCT - Time Play
Normal Forward
1 - 20% - 35% - 8:27
2 - 41% - 30% - 17:07
3 - 31% - 22% - 13:11
4 - 8% - 13% - 3:24
Normal Defense
1 - 28% - 35% - 11:41
2 - 31% - 30% - 12:57
3 - 33% - 22% - 13:48
4 - 9% - 13% - 3:43
PP Forward
1 - 45% - 60% - 5:22
2 - 55% - 40% - 6:32
PP Defense
1 - 54% - 60% - 6:28
2 - 46% - 40% - 5:26
PK Forward
1 - 81% - 60% - 4:49
2 - 19% - 40% - 1:08
PK Defense
1 - 59% - 60% - 3:31
2 - 41% - 40% - 2:26
PK3 Forward
1 - 0% - 60%
2 - 0% - 40%
PK3 Defense
1 - 0% - 60%
2 - 0% - 40%
44 Forward
1 - 76% - 60% - 3:49
2 - 24% - 40% - 1:11
44 Defense
1 - 47% - 60% - 2:22
2 - 53% - 40% - 2:38
Last Minute Offensive  - 0:00
Last Minute Defensive  - 0:00
Total
Forward - 65:00
Defense - 65:00

Play by Play

1st period


0:01 of 1st period - Sam Carrick wins face-off versus Josh Jooris in neutral zone.
0:12 of 1st period - Snap shot by Jordin Tootoo.
0:12 of 1st period - Stopped by Dustin Tokarski with a rebound.
0:14 of 1st period - Snap shot by Matt Cooke.
0:14 of 1st period - Stopped by Dustin Tokarski without a rebound.
0:15 of 1st period - Josh Jooris wins face-off versus Sam Carrick in Marlies zone.
1:16 of 1st period - Slapshot by Frank Corrado.
1:16 of 1st period - Stopped by Aaron Dell with a rebound.
1:18 of 1st period - Backhand shot by Frank Corrado.
1:18 of 1st period - Stopped by Aaron Dell with a rebound.
1:20 of 1st period - Wrist shot by Andy Miele.
1:20 of 1st period - Stopped by Aaron Dell with a rebound.
1:22 of 1st period - Wrist shot by Rich Clune.
1:22 of 1st period - Shot Blocked by Scott Hannan.
1:26 of 1st period - Snap shot by Andy Miele.
1:26 of 1st period - Stopped by Aaron Dell with a rebound.
1:28 of 1st period - Wrist shot by Jonathon Blum.
1:28 of 1st period - Shot Blocked by Scott Hannan.
1:34 of 1st period - Slapshot by Frank Corrado.
1:34 of 1st period - Deflect By Andy Miele.
1:34 of 1st period - Shot Misses the Net.
1:34 of 1st period - Puck is out of play.
1:35 of 1st period - Corban Knight wins face-off versus Andrew Yogan in Crunch zone.
2:02 of 1st period - Austen Brassard is hit by Daniel Cleary and loses puck.
2:39 of 1st period - Wrist shot by Stanislav Galiev.
2:39 of 1st period - Shot Misses the Net.
2:41 of 1st period - Snap shot by Stanislav Galiev.
2:41 of 1st period - Stopped by Dustin Tokarski with a rebound.
3:07 of 1st period - Wrist shot by Jordin Tootoo.
3:07 of 1st period - Stopped by Dustin Tokarski with a rebound.
3:15 of 1st period - Matt Cooke is hit by Rich Clune and loses puck.
3:31 of 1st period - Wrist shot by Andy Miele.
3:31 of 1st period - Deflect By Rich Clune.
3:31 of 1st period - Shot Misses the Net.
3:31 of 1st period - Puck is out of play.
3:32 of 1st period - Casey Wellman wins face-off versus Gemel Smith in Crunch zone.
3:41 of 1st period - Wrist shot by Travis Moen.
3:41 of 1st period - Stopped by Dustin Tokarski without a rebound.
3:42 of 1st period - Casey Wellman wins face-off versus Gemel Smith in Marlies zone.
3:51 of 1st period - Wrist shot by Martin Havlat.
3:51 of 1st period - Shot Misses the Net.
4:07 of 1st period - Scott Hannan is hit by Jordan Nolan and loses puck.
4:32 of 1st period - Scott Harrington is hit by Daniel Cleary.
4:41 of 1st period - Minor Penalty to Dustin Jeffrey for Interference.
4:42 of 1st period - Corban Knight wins face-off versus Andy Miele in Crunch zone.
5:42 of 1st period - Slapshot by Jarred Tinordi.
5:42 of 1st period - Stopped by Aaron Dell with a rebound.
6:41 of 1st period - Penalty to Dustin Jeffrey is over, Dustin Jeffrey is back on ice.
8:15 of 1st period - Josh Jooris is hit by Travis Oleksuk and loses puck.
8:22 of 1st period - Snap shot by Travis Oleksuk.
8:22 of 1st period - Stopped by Dustin Tokarski without a rebound.
8:23 of 1st period - Josh Jooris wins face-off versus Sam Carrick in Marlies zone.
8:50 of 1st period - Slapshot by Jordin Tootoo.
8:50 of 1st period - Shot Misses the Net.
8:52 of 1st period - Slapshot by Matt Cooke.
8:52 of 1st period - Goal by Matt Cooke - Crunch : 1 - Marlies : 0.
8:53 of 1st period - Casey Wellman wins face-off versus Rich Clune in neutral zone.
9:20 of 1st period - Snap shot by Rich Clune.
9:20 of 1st period - Shot Blocked by Kevin Marshall.
9:46 of 1st period - Jonathon Blum is hit by Kevin Marshall.
11:05 of 1st period - Jarred Tinordi is hit by Sam Carrick.
11:25 of 1st period - Slapshot by Jarred Tinordi.
11:25 of 1st period - Deflect By Matt Cooke.
11:25 of 1st period - Stopped by Aaron Dell without a rebound.
11:26 of 1st period - Casey Wellman wins face-off versus Andrew Yogan in Crunch zone.
11:26 of 1st period - Casey Wellman is hit by Austen Brassard.
11:58 of 1st period - Wrist shot by Martin Havlat.
11:58 of 1st period - Stopped by Dustin Tokarski with a rebound.
12:00 of 1st period - Snap shot by Casey Wellman.
12:00 of 1st period - Deflect By Austen Brassard.
12:00 of 1st period - Shot Misses the Net.
12:00 of 1st period - Puck is out of play.
12:01 of 1st period - Dustin Jeffrey wins face-off versus Andy Miele in Marlies zone.
12:14 of 1st period - Snap shot by Andy Miele.
12:14 of 1st period - Stopped by Aaron Dell without a rebound.
12:15 of 1st period - Andy Miele wins face-off versus Corban Knight in Crunch zone.
12:19 of 1st period - Minor Penalty to Dustin Jeffrey for Unsportsmanlike conduct.
12:20 of 1st period - Corban Knight wins face-off versus Jordan Nolan in Crunch zone.
12:30 of 1st period - Slapshot by Scott Harrington.
12:30 of 1st period - Shot Blocked by Scott Hannan.
12:53 of 1st period - Icing by Jarred Tinordi.
12:54 of 1st period - Stefan Noesen wins face-off versus Corban Knight in Marlies zone.
13:07 of 1st period - Slapshot by Andy Miele.
13:07 of 1st period - Deflect By Rich Clune.
13:07 of 1st period - Stopped by Aaron Dell with a rebound.
13:09 of 1st period - Slapshot by Scott Harrington.
13:09 of 1st period - Stopped by Aaron Dell without a rebound.
13:10 of 1st period - Andy Miele wins face-off versus Corban Knight in Crunch zone.
14:05 of 1st period - Stefan Noesen is hit by Sam Carrick and loses puck.
14:12 of 1st period - Slapshot by Scott Harrington.
14:12 of 1st period - Shot Blocked by Nolan Yonkman.
14:14 of 1st period - Backhand shot by Josh Jooris.
14:14 of 1st period - Stopped by Aaron Dell with a rebound.
14:18 of 1st period - Snap shot by Jarred Tinordi.
14:18 of 1st period - Deflect By Travis Moen.
14:18 of 1st period - Stopped by Aaron Dell without a rebound.
14:19 of 1st period - Penalty to Dustin Jeffrey is over, Dustin Jeffrey is back on ice.
14:19 of 1st period - Travis Oleksuk wins face-off versus Josh Jooris in Crunch zone.
14:43 of 1st period - Icing by Daniel Carr.
14:44 of 1st period - Andrew Yogan wins face-off versus Travis Oleksuk in Crunch zone.
14:51 of 1st period - Wrist shot by Andrew Yogan.
14:51 of 1st period - Stopped by Aaron Dell with a rebound.
15:53 of 1st period - Snap shot by Andy Miele.
15:53 of 1st period - Stopped by Aaron Dell with a rebound.
15:55 of 1st period - Wrist shot by Jonathon Blum.
15:55 of 1st period - Shot Blocked by Dustin Jeffrey.
15:57 of 1st period - Snap shot by Andy Miele.
15:57 of 1st period - Stopped by Aaron Dell with a rebound.
16:17 of 1st period - Frank Corrado is hit by Travis Moen and loses puck.
17:23 of 1st period - Colton Gillies is hit by Jordin Tootoo and loses puck.
17:33 of 1st period - Travis Ehrhardt is hit by Sam Carrick and loses puck.
17:41 of 1st period - Minor Penalty to Colton Gillies for Interference.
17:42 of 1st period - Josh Jooris wins face-off versus Casey Wellman in Marlies zone.
19:41 of 1st period - Penalty to Colton Gillies is over, Colton Gillies is back on ice.
19:53 of 1st period - David Shields is hit by Karl Stollery and loses puck.
Goals for this period are 1 for Crunch vs 0 for Marlies.
Shots for this period are 8 for Crunch vs 14 for Marlies.

2nd period


0:01 of 2nd period - Josh Jooris wins face-off versus Corban Knight in neutral zone.
0:03 of 2nd period - Off-side.
0:04 of 2nd period - Josh Jooris wins face-off versus Corban Knight in neutral zone.
1:00 of 2nd period - Snap shot by Martin Havlat.
1:00 of 2nd period - Stopped by Dustin Tokarski without a rebound.
1:01 of 2nd period - Andy Miele wins face-off versus Casey Wellman in Marlies zone.
1:18 of 2nd period - Snap shot by Andy Miele.
1:18 of 2nd period - Shot Blocked by Travis Moen.
1:21 of 2nd period - Icing by Kevin Marshall.
1:22 of 2nd period - Andrew Yogan wins face-off versus Casey Wellman in Crunch zone.
1:37 of 2nd period - Slapshot by Martin Havlat.
1:37 of 2nd period - Stopped by Dustin Tokarski without a rebound.
1:38 of 2nd period - Sam Carrick wins face-off versus Andrew Yogan in Marlies zone.
2:04 of 2nd period - Wrist shot by Colton Gillies.
2:04 of 2nd period - Stopped by Aaron Dell with a rebound.
2:14 of 2nd period - Slapshot by Matt Cooke.
2:14 of 2nd period - Shot Misses the Net.
2:40 of 2nd period - Slapshot by Daniel Cleary.
2:40 of 2nd period - Shot Misses the Net.
2:42 of 2nd period - Minor Penalty to Andrew Yogan for Tripping.
2:43 of 2nd period - Josh Jooris wins face-off versus Casey Wellman in Marlies zone.
3:37 of 2nd period - Scott Harrington is hit by Sam Carrick.
4:29 of 2nd period - Jordin Tootoo is hit by Rich Clune and loses puck.
4:42 of 2nd period - Penalty to Andrew Yogan is over, Andrew Yogan is back on ice.
6:08 of 2nd period - Nolan Yonkman is hit by Travis Ehrhardt and loses puck.
6:32 of 2nd period - Off-side.
6:33 of 2nd period - Casey Wellman wins face-off versus Andy Miele in neutral zone.
6:54 of 2nd period - Snap shot by Martin Havlat.
6:54 of 2nd period - Shot Blocked by Andrew O'Brien.
8:02 of 2nd period - Frank Corrado is hit by Karl Stollery and loses puck.
8:29 of 2nd period - David Shields is hit by Kevin Marshall and loses puck.
9:19 of 2nd period - Casey Wellman is hit by David Shields and loses puck.
9:51 of 2nd period - Matt Cooke is hit by Jarred Tinordi and loses puck.
10:35 of 2nd period - Slapshot by Frank Corrado.
10:35 of 2nd period - Shot Misses the Net.
10:37 of 2nd period - Snap shot by Andy Miele.
10:37 of 2nd period - Stopped by Aaron Dell with a rebound.
10:39 of 2nd period - Slapshot by Frank Corrado.
10:39 of 2nd period - Shot Blocked by Nolan Yonkman.
10:41 of 2nd period - Slapshot by Frank Corrado.
10:41 of 2nd period - Goal by Frank Corrado - Crunch : 1 - Marlies : 1.
10:42 of 2nd period - Chad Nehring wins face-off versus Travis Oleksuk in neutral zone.
11:17 of 2nd period - Rich Clune is hit by Stanislav Galiev and loses puck.
11:28 of 2nd period - Wrist shot by Jordin Tootoo.
11:28 of 2nd period - Shot Misses the Net.
11:30 of 2nd period - Snap shot by Matt Cooke.
11:30 of 2nd period - Stopped by Dustin Tokarski without a rebound.
11:31 of 2nd period - Andy Miele wins face-off versus Sam Carrick in Marlies zone.
11:31 of 2nd period - Andy Miele is hit by Jordin Tootoo.
11:32 of 2nd period - Andy Miele from Marlies is injured at 11:32 of 2nd period (Right Leg).
11:33 of 2nd period - Casey Wellman wins face-off versus Josh Jooris in Marlies zone.
11:36 of 2nd period - Snap shot by Martin Havlat.
11:36 of 2nd period - Stopped by Dustin Tokarski without a rebound.
11:37 of 2nd period - Josh Jooris wins face-off versus Casey Wellman in Marlies zone.
11:37 of 2nd period - Nolan Yonkman beats up Jarred Tinordi.
11:37 of 2nd period - Penalty to Jarred Tinordi for Fighting.
11:37 of 2nd period - Penalty to Nolan Yonkman for Fighting.
11:38 of 2nd period - Casey Wellman wins face-off versus Josh Jooris in Marlies zone.
11:41 of 2nd period - Wrist shot by Casey Wellman.
11:41 of 2nd period - Stopped by Dustin Tokarski with a rebound.
11:43 of 2nd period - Snap shot by Travis Moen.
11:43 of 2nd period - Shot Blocked by Josh Jooris.
12:05 of 2nd period - Slapshot by Travis Moen.
12:05 of 2nd period - Stopped by Dustin Tokarski with a rebound.
12:31 of 2nd period - Daniel Cleary is hit by Chad Nehring and loses puck.
12:38 of 2nd period - Slapshot by Scott Hannan.
12:38 of 2nd period - Shot Misses the Net.
12:44 of 2nd period - Corban Knight is hit by Rich Clune and loses puck.
13:02 of 2nd period - Minor Penalty to Kevin Marshall for Tripping.
13:03 of 2nd period - Josh Jooris wins face-off versus Sam Carrick in Crunch zone.
13:17 of 2nd period - Snap shot by Stefan Noesen.
13:17 of 2nd period - Shot Misses the Net.
13:19 of 2nd period - Snap shot by Frank Corrado.
13:19 of 2nd period - Stopped by Aaron Dell with a rebound.
13:35 of 2nd period - Slapshot by Scott Hannan.
13:35 of 2nd period - Shot Misses the Net.
13:37 of 2nd period - Slapshot by Karl Stollery.
13:37 of 2nd period - Deflect By Frank Corrado.
13:37 of 2nd period - Stopped by Dustin Tokarski with a rebound.
13:41 of 2nd period - Snap shot by Daniel Cleary.
13:41 of 2nd period - Stopped by Dustin Tokarski with a rebound.
13:43 of 2nd period - Snap shot by Karl Stollery.
13:43 of 2nd period - Shot Misses the Net.
14:05 of 2nd period - Slapshot by Scott Harrington.
14:05 of 2nd period - Shot Misses the Net.
14:07 of 2nd period - Slapshot by Scott Harrington.
14:07 of 2nd period - Shot Misses the Net.
14:23 of 2nd period - Nick Jensen is hit by Stefan Noesen.
14:47 of 2nd period - Scott Harrington is hit by Sam Carrick and loses puck.
15:02 of 2nd period - Penalty to Kevin Marshall is over, Kevin Marshall is back on ice.
15:35 of 2nd period - Snap shot by Colton Gillies.
15:35 of 2nd period - Shot Misses the Net.
16:52 of 2nd period - Off-side.
16:53 of 2nd period - Gemel Smith wins face-off versus Daniel Cleary in neutral zone.
17:17 of 2nd period - Snap shot by Corban Knight.
17:17 of 2nd period - Shot Misses the Net.
17:33 of 2nd period - Travis Ehrhardt is hit by Karl Stollery and loses puck.
17:58 of 2nd period - Travis Ehrhardt is hit by Kevin Marshall and loses puck.
18:22 of 2nd period - Andrew O'Brien is hit by Travis Moen and loses puck.
18:30 of 2nd period - Jarred Tinordi is hit by Casey Wellman and loses puck.
18:35 of 2nd period - Wrist shot by Martin Havlat.
18:35 of 2nd period - Stopped by Dustin Tokarski without a rebound.
18:36 of 2nd period - Chad Nehring wins face-off versus Casey Wellman in Marlies zone.
18:40 of 2nd period - Minor Penalty to Travis Moen for Hooking.
18:41 of 2nd period - Chad Nehring wins face-off versus Dustin Jeffrey in Crunch zone.
18:41 of 2nd period - Slapshot by Frank Corrado.
18:41 of 2nd period - Shot Misses the Net.
18:51 of 2nd period - Slapshot by Frank Corrado.
18:51 of 2nd period - Shot Misses the Net.
19:16 of 2nd period - Snap shot by Frank Corrado.
19:16 of 2nd period - Deflect By Josh Jooris.
19:16 of 2nd period - Shot Blocked by Karl Stollery.
19:16 of 2nd period - Puck is out of play.
19:17 of 2nd period - Dustin Jeffrey wins face-off versus Josh Jooris in Crunch zone.
19:51 of 2nd period - Nick Jensen is hit by Chad Nehring and loses puck.
Goals for this period are 0 for Crunch vs 1 for Marlies.
Shots for this period are 9 for Crunch vs 4 for Marlies.

3rd period


0:01 of 3rd period - Sam Carrick wins face-off versus Josh Jooris in neutral zone.
0:40 of 3rd period - Penalty to Travis Moen is over, Travis Moen is back on ice.
0:58 of 3rd period - Minor Penalty to Daniel Cleary for Elbowing.
0:59 of 3rd period - Chad Nehring wins face-off versus Jordin Tootoo in Crunch zone.
2:01 of 3rd period - Slapshot by Jarred Tinordi.
2:01 of 3rd period - Stopped by Aaron Dell without a rebound.
2:02 of 3rd period - Josh Jooris wins face-off versus Dustin Jeffrey in Crunch zone.
2:03 of 3rd period - Slapshot by Jarred Tinordi.
2:03 of 3rd period - Stopped by Aaron Dell with a rebound.
2:23 of 3rd period - Snap shot by Dustin Jeffrey.
2:23 of 3rd period - Shot Misses the Net.
2:25 of 3rd period - Slapshot by Scott Hannan.
2:25 of 3rd period - Deflect By Scott Harrington.
2:25 of 3rd period - Stopped by Dustin Tokarski with a rebound.
2:27 of 3rd period - Snap shot by Karl Stollery.
2:27 of 3rd period - Shot Blocked by Scott Harrington.
2:29 of 3rd period - Slapshot by Scott Hannan.
2:29 of 3rd period - Stopped by Dustin Tokarski with a rebound.
2:31 of 3rd period - Slapshot by Scott Hannan.
2:31 of 3rd period - Stopped by Dustin Tokarski with a rebound.
2:54 of 3rd period - Backhand shot by Frank Corrado.
2:54 of 3rd period - Stopped by Aaron Dell with a rebound.
2:56 of 3rd period - Wrist shot by Frank Corrado.
2:56 of 3rd period - Deflect By Rich Clune.
2:56 of 3rd period - Stopped by Aaron Dell with a rebound.
2:58 of 3rd period - Penalty to Daniel Cleary is over, Daniel Cleary is back on ice.
3:36 of 3rd period - Minor Penalty to Austen Brassard for Roughing.
3:37 of 3rd period - Travis Moen wins face-off versus Jordan Nolan in Marlies zone.
3:40 of 3rd period - Snap shot by Martin Havlat.
3:40 of 3rd period - Shot Misses the Net.
3:42 of 3rd period - Snap shot by Casey Wellman.
3:42 of 3rd period - Shot Misses the Net.
3:44 of 3rd period - Slapshot by Nick Jensen.
3:44 of 3rd period - Shot Blocked by Jarred Tinordi.
3:50 of 3rd period - Snap shot by Martin Havlat.
3:50 of 3rd period - Stopped by Dustin Tokarski with a rebound.
4:43 of 3rd period - Scott Hannan is hit by Stefan Noesen and loses puck.
4:55 of 3rd period - Travis Moen is hit by Jarred Tinordi and loses puck.
5:36 of 3rd period - Penalty to Austen Brassard is over, Austen Brassard is back on ice.
5:40 of 3rd period - Scott Hannan is hit by Frank Corrado and loses puck.
6:26 of 3rd period - Wrist shot by Daniel Carr.
6:26 of 3rd period - Shot Misses the Net.
6:48 of 3rd period - Rich Clune and Nolan Yonkman fight to a draw.
6:48 of 3rd period - Penalty to Rich Clune for Fighting.
6:48 of 3rd period - Penalty to Nolan Yonkman for Fighting.
6:48 of 3rd period - Penalty to Nolan Yonkman for instigated a fight.
6:48 of 3rd period - Penalty to Nolan Yonkman for instigated a fight.
6:49 of 3rd period - Dustin Jeffrey wins face-off versus Chad Nehring in neutral zone.
8:48 of 3rd period - Penalty to Nolan Yonkman is over, Jordin Tootoo is send on ice.
9:19 of 3rd period - Sam Carrick is hit by Travis Ehrhardt and loses puck.
9:35 of 3rd period - Karl Stollery is hit by Colton Gillies.
10:09 of 3rd period - Slapshot by Stanislav Galiev.
10:09 of 3rd period - Stopped by Dustin Tokarski with a rebound.
10:11 of 3rd period - Snap shot by Stanislav Galiev.
10:11 of 3rd period - Stopped by Dustin Tokarski with a rebound.
10:25 of 3rd period - Daniel Cleary is hit by Frank Corrado and loses puck.
10:34 of 3rd period - Chad Nehring is hit by Markus Lauridsen and loses puck.
11:21 of 3rd period - Daniel Carr is hit by Stefan Noesen and loses puck.
11:46 of 3rd period - Snap shot by Jarred Tinordi.
11:46 of 3rd period - Stopped by Aaron Dell with a rebound.
11:48 of 3rd period - Slapshot by Scott Harrington.
11:48 of 3rd period - Shot Misses the Net.
12:37 of 3rd period - Wrist shot by Matt Cooke.
12:37 of 3rd period - Shot Misses the Net.
12:39 of 3rd period - Slapshot by Karl Stollery.
12:39 of 3rd period - Shot Blocked by Frank Corrado.
12:41 of 3rd period - Wrist shot by Matt Cooke.
12:41 of 3rd period - Shot Misses the Net.
13:25 of 3rd period - Daniel Cleary is hit by Colton Gillies and loses puck.
13:35 of 3rd period - Icing by Dustin Jeffrey.
13:36 of 3rd period - Casey Wellman wins face-off versus Josh Jooris in Crunch zone.
13:41 of 3rd period - Wrist shot by Rich Clune.
13:41 of 3rd period - Deflect By Josh Jooris.
13:41 of 3rd period - Shot Misses the Net.
13:41 of 3rd period - Puck is out of play.
13:42 of 3rd period - Josh Jooris wins face-off versus Casey Wellman in Crunch zone.
13:43 of 3rd period - Snap shot by Rich Clune.
13:43 of 3rd period - Shot Misses the Net.
13:45 of 3rd period - Snap shot by Rich Clune.
13:45 of 3rd period - Stopped by Aaron Dell with a rebound.
13:47 of 3rd period - Wrist shot by Ryan Carpenter.
13:47 of 3rd period - Stopped by Aaron Dell with a rebound.
15:16 of 3rd period - Icing by Matt Cooke.
15:17 of 3rd period - Sam Carrick wins face-off versus Chad Nehring in Crunch zone.
16:05 of 3rd period - Wrist shot by Rich Clune.
16:05 of 3rd period - Shot Blocked by Daniel Cleary.
16:07 of 3rd period - Slapshot by David Shields.
16:07 of 3rd period - Shot Blocked by Scott Hannan.
16:09 of 3rd period - Slapshot by Gemel Smith.
16:09 of 3rd period - Stopped by Aaron Dell without a rebound.
16:10 of 3rd period - Travis Oleksuk wins face-off versus Gemel Smith in Crunch zone.
17:19 of 3rd period - Slapshot by Matt Cooke.
17:19 of 3rd period - Stopped by Dustin Tokarski with a rebound.
17:43 of 3rd period - Karl Stollery is hit by Jarred Tinordi and loses puck.
19:04 of 3rd period - Snap shot by Jordin Tootoo.
19:04 of 3rd period - Deflect By Sam Carrick.
19:04 of 3rd period - Shot Misses the Net.
19:04 of 3rd period - Puck is out of play.
19:05 of 3rd period - Josh Jooris wins face-off versus Sam Carrick in Marlies zone.
19:29 of 3rd period - Dustin Jeffrey is hit by Ryan Carpenter and loses puck.
19:42 of 3rd period - Snap shot by Rich Clune.
19:42 of 3rd period - Shot Misses the Net.
Goals for this period are 0 for Crunch vs 0 for Marlies.
Shots for this period are 7 for Crunch vs 8 for Marlies.

Overtime #1


0:01 of 1st overtime period - Sam Carrick wins face-off versus Josh Jooris in neutral zone.
0:28 of 1st overtime period - Wrist shot by Jordin Tootoo.
0:28 of 1st overtime period - Shot Blocked by Jarred Tinordi.
0:30 of 1st overtime period - Slapshot by Karl Stollery.
0:30 of 1st overtime period - Stopped by Dustin Tokarski with a rebound.
0:32 of 1st overtime period - Snap shot by Sam Carrick.
0:32 of 1st overtime period - Stopped by Dustin Tokarski without a rebound.
0:33 of 1st overtime period - Casey Wellman wins face-off versus Josh Jooris in Marlies zone.
0:52 of 1st overtime period - Snap shot by Casey Wellman.
0:52 of 1st overtime period - Shot Misses the Net.
1:00 of 1st overtime period - Wrist shot by Martin Havlat.
1:00 of 1st overtime period - Stopped by Dustin Tokarski with a rebound.
1:02 of 1st overtime period - Snap shot by Martin Havlat.
1:02 of 1st overtime period - Stopped by Dustin Tokarski without a rebound.
1:03 of 1st overtime period - Josh Jooris wins face-off versus Sam Carrick in Marlies zone.
1:09 of 1st overtime period - Slapshot by Karl Stollery.
1:09 of 1st overtime period - Stopped by Dustin Tokarski with a rebound.
1:11 of 1st overtime period - Slapshot by Scott Hannan.
1:11 of 1st overtime period - Shot Blocked by Jarred Tinordi.
1:13 of 1st overtime period - Snap shot by Jordin Tootoo.
1:13 of 1st overtime period - Stopped by Dustin Tokarski without a rebound.
1:14 of 1st overtime period - Josh Jooris wins face-off versus Sam Carrick in Marlies zone.
1:48 of 1st overtime period - 10 Minutes Misconduct Penalty to Nolan Yonkman is over.
2:01 of 1st overtime period - Jarred Tinordi is hit by Casey Wellman and loses puck.
2:18 of 1st overtime period - Markus Lauridsen is hit by Scott Harrington and loses puck.
2:51 of 1st overtime period - Frank Corrado is hit by Markus Lauridsen and loses puck.
3:15 of 1st overtime period - Karl Stollery is hit by Austen Brassard and loses puck.
3:20 of 1st overtime period - Slapshot by Jarred Tinordi.
3:20 of 1st overtime period - Shot Misses the Net.
3:22 of 1st overtime period - Slapshot by Scott Harrington.
3:22 of 1st overtime period - Shot Misses the Net.
3:55 of 1st overtime period - Casey Wellman is hit by Rich Clune and loses puck.
3:59 of 1st overtime period - Icing by Casey Wellman.
4:00 of 1st overtime period - Chad Nehring wins face-off versus Casey Wellman in Crunch zone.
4:01 of 1st overtime period - Snap shot by Rich Clune.
4:01 of 1st overtime period - Shot Misses the Net.
4:46 of 1st overtime period - Slapshot by Casey Wellman.
4:46 of 1st overtime period - Shot Misses the Net.
Goals for this period are 0 for Crunch vs 0 for Marlies.
Shots for this period are 6 for Crunch vs 0 for Marlies.

ShootOut


5:00 of 1st overtime period - Penalty Shot by Casey Wellman for Crunch.
5:00 of 1st overtime period - Snap shot by Casey Wellman.
5:00 of 1st overtime period - Stopped by Dustin Tokarski.
5:00 of 1st overtime period - Penalty Shot by Josh Jooris for Marlies.
5:00 of 1st overtime period - Wrist shot by Josh Jooris.
5:00 of 1st overtime period - Shot Misses the Net.
5:00 of 1st overtime period - Penalty Shot by Dustin Jeffrey for Crunch.
5:00 of 1st overtime period - Backhand shot by Dustin Jeffrey.
5:00 of 1st overtime period - Stopped by Dustin Tokarski.
5:00 of 1st overtime period - Penalty Shot by Jordan Nolan for Marlies.
5:00 of 1st overtime period - Backhand shot by Jordan Nolan.
5:00 of 1st overtime period - Stopped by Aaron Dell.
5:00 of 1st overtime period - Penalty Shot by Corban Knight for Crunch.
5:00 of 1st overtime period - Wrist shot by Corban Knight.
5:00 of 1st overtime period - Shot Misses the Net.
5:00 of 1st overtime period - Penalty Shot by Stefan Noesen for Marlies.
5:00 of 1st overtime period - Wrist shot by Stefan Noesen.
5:00 of 1st overtime period - Stopped by Aaron Dell.
5:00 of 1st overtime period - Penalty Shot by Stanislav Galiev for Crunch.
5:00 of 1st overtime period - Deke by Stanislav Galiev.
5:00 of 1st overtime period - Stopped by Dustin Tokarski.
5:00 of 1st overtime period - Penalty Shot by Rich Clune for Marlies.
5:00 of 1st overtime period - Backhand shot by Rich Clune.
5:00 of 1st overtime period - Stopped by Aaron Dell.
5:00 of 1st overtime period - Penalty Shot by Daniel Carr for Crunch.
5:00 of 1st overtime period - Backhand shot by Daniel Carr.
5:00 of 1st overtime period - Stopped by Dustin Tokarski.
5:00 of 1st overtime period - Penalty Shot by Colton Gillies for Marlies.
5:00 of 1st overtime period - Snap shot by Colton Gillies.
5:00 of 1st overtime period - Stopped by Aaron Dell.
5:00 of 1st overtime period - Penalty Shot by Travis Oleksuk for Crunch.
5:00 of 1st overtime period - Snap shot by Travis Oleksuk.
5:00 of 1st overtime period - Shot Misses the Net.
5:00 of 1st overtime period - Penalty Shot by Andrew Yogan for Marlies.
5:00 of 1st overtime period - Deke by Andrew Yogan.
5:00 of 1st overtime period - Stopped by Aaron Dell.
5:00 of 1st overtime period - Penalty Shot by Nick Jensen for Crunch.
5:00 of 1st overtime period - Snap shot by Nick Jensen.
5:00 of 1st overtime period - Stopped by Dustin Tokarski.
5:00 of 1st overtime period - Penalty Shot by Jonathon Blum for Marlies.
5:00 of 1st overtime period - Snap shot by Jonathon Blum.
5:00 of 1st overtime period - Shot Misses the Net.
5:00 of 1st overtime period - Penalty Shot by Markus Lauridsen for Crunch.
5:00 of 1st overtime period - Wrist shot by Markus Lauridsen.
5:00 of 1st overtime period - Goal by Markus Lauridsen.
5:00 of 1st overtime period - Penalty Shot by Gemel Smith for Marlies.
5:00 of 1st overtime period - Wrist shot by Gemel Smith.
5:00 of 1st overtime period - Stopped by Aaron Dell.